 Dungeon Crawl Stone Soup version 0.28.0-47-ge53b351184 (webtiles) character file.

Game seed: 6604935433709055178

835 Eitelfritz the Covert (level 8, -2/46 HPs)
             Began as a Kobold Brigand on May 6, 2022.
             Killed by nerve-wracking pain
             ... invoked by Menkaure
              (7 damage)
             ... on level 4 of the Dungeon.
             The game lasted 00:11:40 (5608 turns).

Eitelfritz the Covert (Kobold Brigand)              Turns: 5608, Time: 00:11:42

Health: -2/46      AC:  3    Str:  9    XL:     8   Next: 18%
Magic:  8/8        EV: 16    Int: 12    God:
Gold:   219        SH:  0    Dex: 18    Spells: 7/7 levels left

rFire   . . .      SeeInvis .   b - +0 rapier
rCold   . . .      Faith    .   (no shield)
rNeg    . . .      Spirit   .   p - +0 robe
rPois   .          Reflect  .   (no helmet)
rElec   .          Harm     .   c - +0 cloak
rCorr   .          Rampage  .   (no gloves)
Will    .....                   (no boots)
Stlth   ++++++....              (no amulet)
HPRegen 0.15/turn               (no ring)
MPRegen 0.11/turn               (no ring)

@: no status effects
A: small, no large weapons, nightstalker 3
a: no special abilities


You were on level 4 of the Dungeon.
You visited 1 branch of the dungeon, and saw 4 of its levels.
You also visited: Ossuary.

You collected 219 gold pieces.

Inventory:

Hand Weapons
 a - a +3 dagger
 b - a +0 rapier (weapon)
 k - a +2 dagger
 r - the +6 trident of Noon {speed, Will+ Dex+4}
   (You found it on level 4 of the Dungeon)

   Attacks with this weapon are significantly faster.
   Dex:       It affects your dexterity (+4).
   Will:      It increases your willpower.
Missiles
 d - 8 poisoned darts (quivered)
 e - 2 curare-tipped darts
 q - a throwing net
 s - 5 atropa-tipped darts
Armour
 c - a +0 cloak (worn)
 p - a +0 robe (worn)
Wands
 g - a wand of digging (6)
Scrolls
 i - a scroll of fog
 t - a scroll of vulnerability {unknown}
 v - a scroll of teleportation
 w - a scroll of identify {unknown}
Potions
 f - a potion of magic
 j - 2 potions of heal wounds {unknown}
 l - a potion of haste {unknown}
 m - 2 potions of attraction {unknown}
 n - 2 potions of might {unknown}
 o - a potion of flight {unknown}
 u - a potion of resistance {unknown}
 x - a potion of invisibility {unknown}
 z - a potion of degeneration {unknown}


   Skills:
 + Level 3.5 Fighting
 + Level 6.5 Short Blades
 + Level 2.3 Throwing
 + Level 3.4 Dodging
 + Level 10.3 Stealth


You had 7 spell levels left.
You didn't know any spells.
Your spell library contained the following spells:

 Spells                   Type           Power      Damage    Failure   Level
 Ozocubu's Armour         Ice            0%         N/A       69%         3
 Metabolic Englaciation   Hex/Ice        0%         N/A       100%        5
 Simulacrum               Ice/Necr       0%         N/A       100%        6
 Ozocubu's Refrigeration  Ice            0%         4d5       100%        7


Dungeon Overview and Level Annotations

Branches:
Dungeon (4/15)            Ossuary (visited)
 Temple: D:4-7

Altars:

Annotations:
D:4 Menkaure, Natasha


Innate Abilities, Weirdness & Mutations

You are small and have problems with some larger weapons.
You are completely attuned to the shadows.


Message History

You start resting.
Menkaure is nearby!
Menkaure calls on the powers of darkness!
Your body is wracked with pain!
b - a +0 rapier (weapon)
You hit Menkaure.
Menkaure is lightly damaged.
Menkaure murmurs drily.
Menkaure barely misses you.
You hit Menkaure.
Menkaure is moderately damaged.
You hit Menkaure but do no damage.
Menkaure is moderately damaged.
Menkaure hits you!!
* * * LOW HITPOINT WARNING * * *
You closely miss Menkaure.
Menkaure is moderately damaged.
Menkaure casts a spell.
Menkaure seems to speed up.
You hit Menkaure but do no damage.
Menkaure is moderately damaged.
Menkaure barely misses you.
It was a potion of magic.
Magic courses through your body. Menkaure closely misses you.
It was a potion of curing.
You feel better.
Menkaure calls on the powers of darkness!
Your body is wracked with pain!
* * * LOW HITPOINT WARNING * * *
You feel better. Menkaure misses you.
You barely miss Menkaure.
Menkaure is moderately damaged.
Menkaure hits you!
* * * LOW HITPOINT WARNING * * *
You hit Menkaure but do no damage.
Menkaure is moderately damaged.
Menkaure hits you.
* * * LOW HITPOINT WARNING * * *
Menkaure gestures at you while chanting.
Pain shoots through your body!
You die...

....h.#
.......#
........
.......#
.......#
.......#
.....M###
......@.#
###....##
##.....#
#......#
##......#
##.......#
##........#
##.........#
#...........


You could see Menkaure (fast).

Vanquished Creatures
  Grinder (D:4)
  A black bear (D:2)
  A scorpion (D:4)
  A water moccasin skeleton (D:4)
  A centaur zombie (Ossuary)
  5 human zombies (Ossuary)
  Jessica (D:3)
  Natasha (D:4)
  3 mummies (Ossuary)
  9 adders
  3 adder zombies (Ossuary)
  3 worms (D:2)
  2 orcs
  6 ball pythons
  8 bats
  6 endoplasms
  5 giant cockroaches
  9 goblins
  4 hobgoblins
  3 jackals
  3 kobolds
  3 quokkas
  3 frilled lizards
  A gnoll zombie (Ossuary)
  2 goblin zombies (Ossuary)
  6 hobgoblin zombies (Ossuary)
  3 jackal zombies (Ossuary)
  3 kobold zombies (Ossuary)
  6 quokka zombies (Ossuary)
  5 rats
  6 rat zombies
114 creatures vanquished.

Notes
Turn   | Place    | Note
-------+----------+-------------------------------------------
     0 | D:1      | Eitelfritz the Kobold Brigand began the quest for the Orb.
     0 | D:1      | Reached XP level 1. HP: 12/12 MP: 1/1
   103 | D:1      | Reached XP level 2. HP: 15/18 MP: 2/2
   430 | D:1      | Reached skill level 6 in Stealth
   555 | D:1      | Found a faded altar of an unknown god.
   582 | D:1      | Reached XP level 3. HP: 20/22 MP: 3/3
  1034 | D:2      | Noticed a black bear
  1037 | D:2      | Killed a black bear
  1038 | D:2      | Reached skill level 7 in Stealth
  1038 | D:2      | Reached XP level 4. HP: 27/27 MP: 4/4
  1038 | D:2      | Reached XP level 5. HP: 31/31 MP: 5/5
  1897 | D:2      | Reached skill level 8 in Stealth
  2685 | D:3      | Reached XP level 6. HP: 36/36 MP: 6/6
  2888 | D:3      | Noticed Jessica
  2892 | D:3      | Killed Jessica
  3492 | D:4      | Noticed Grinder
  3496 | D:4      | Killed Grinder
  3497 | D:4      | Reached skill level 9 in Stealth
  3497 | D:4      | Reached XP level 7. HP: 41/41 MP: 7/7
  3519 | D:4      | Identified the +6 trident of Noon {speed, Will+ Dex+4}
  3534 | D:4      | Noticed Natasha
  3545 | D:4      | Killed Natasha
  3601 | D:4      | Noticed Natasha
  3679 | D:4      | HP: 2/41 [water moccasin skeleton (5)]
  3681 | D:4      | Reached skill level 5 in Short Blades
  3716 | D:4      | Found a sand-covered staircase.
  3856 | Ossuary  | Entered an ossuary
  4078 | Ossuary  | Reached skill level 10 in Stealth
  5140 | Ossuary  | Reached XP level 8. HP: 28/46 MP: 8/8
  5589 | D:4      | Noticed Menkaure
  5601 | D:4      | HP: 1/46 [Menkaure (19)]
  5608 | D:4      | Killed from afar by Menkaure

Illustrated notes

Levels and vault maps discovered:
D:1:      noname_arrival_rooms_in_the_neighbourhood, layout_basic, serial_glass,
          glass_columns_c, glass_columns_a,
          dreamdust_ecumenical_altar_angels_and_demons, minmay_tripent
D:2:      minmay_angry_zag, layout_basic, minmay_diced_spiral
D:3:      layout_basic, uniq_jessica
D:4:      layout_cave_pods, enter_ossuary_4, uniq_blork_the_orc, uniq_menkaure,
          uniq_natasha, uniq_eustachio, uniq_grinder

Skill      XL: |  1  2  3  4  5  6  7 |
---------------+----------------------+-----
Stealth        | 6 7 8 9 10 | 10.3
Short Blades   | 3 4 6 |  6.5
Dodging        | 2 3 |  3.4
Fighting       | 3 |  3.5
Throwing       | |  2.3

Action                   |  1- 3 |  4- 6 |  7- 9 || total
-------------------------+-------+-------+-------++-------
Melee: Dagger            |    60 |   140 |    41 ||   241
       Punch             |       |     2 |     2 ||     4
       Rapier            |       |       |   234 ||   234
  Use: Scroll            |       |     3 |       ||     3
       Potion            |       |       |     3 ||     3
 Stab: Sleeping          |    11 |    20 |    24 ||    55
       Distracted        |       |     1 |       ||     1
Armor: Robe              |    14 |    19 |    19 ||    52
Dodge: Dodged            |    43 |    83 |   120 ||   246
